 Seeded DCSS version 0.26.0-45-g9c1d065592 (webtiles) character file.

Game seed: 12168637415130783165 (custom seed)

67 kaeus the Stinger (level 4, 0/32 HPs)
             Began as a Gnoll Venom Mage on Jan 31, 2021.
             Succumbed to an adder's poison
             ... on level 2 of the Dungeon.
             The game lasted 00:01:20 (1957 turns).

kaeus the Stinger (Gnoll Venom Mage)                Turns: 1957, Time: 00:01:21

Health: 0/32       AC:  2    Str: 11    XL:     4   Next: 16%
Magic:  9/11       EV: 15    Int: 18    God:
Gold:   117        SH:  0    Dex: 15    Spells: 12/13 levels left

rFire    . . .     SeeInvis .   f - +3 dagger (drain)
rCold    . . .     Faith    .   (no shield)
rNeg     . . .     Spirit   .   a - +0 robe
rPois    .         Reflect  .   (no helmet)
rElec    .         Harm     .   (no cloak)
rCorr    .         Rampage  .   (no gloves)
Will     .....                  (no boots)
Stlth    +++.......             (no amulet)
HPRegen  0.10/turn              (no ring)
MPRegen  0.12/turn              (no ring)

@: lethally poisoned (0 -> -2), very slightly contaminated
A: distributed training, fangs 1, strong nose
a: no special abilities


You were on level 2 of the Dungeon.
You visited 1 branch of the dungeon, and saw 3 of its levels.

You collected 117 gold pieces.

Inventory:

Hand Weapons
 f - a +3 dagger of draining (weapon)
Armour
 a - a +0 robe (worn)
Wands
 h - a wand of enslavement (8)
Scrolls
 d - 3 scrolls of teleportation {unknown}
 e - 4 scrolls of identify {unknown}
 g - a scroll of noise {unknown}
 i - a scroll of remove curse {unknown}
Potions
 b - a potion of curing {unknown}
 c - a potion of magic {unknown}
 j - a potion of heal wounds {unknown}
 k - 2 potions of degeneration {unknown}
 l - a potion of lignification {unknown}


   Skills:
 + Level 1.0 Fighting
 + Level 1.0 Short Blades
 + Level 1.0 Long Blades
 + Level 1.0 Axes
 + Level 1.0 Maces & Flails
 + Level 1.0 Polearms
 + Level 1.0 Staves
 + Level 1.0 Slings
 + Level 1.0 Bows
 + Level 1.0 Crossbows
 + Level 1.0 Throwing
 + Level 1.0 Armour
 + Level 4.6 Dodging
 + Level 4.2 Stealth
 + Level 1.0 Shields
 + Level 1.0 Unarmed Combat
 + Level 5.0 Spellcasting
 + Level 0.8 Conjurations
 + Level 0.8 Hexes
 + Level 0.8 Summonings
 + Level 0.8 Necromancy
 + Level 0.8 Translocations
 + Level 2.2 Transmutations
 + Level 0.8 Fire Magic
 + Level 0.8 Ice Magic
 + Level 0.8 Air Magic
 + Level 0.8 Earth Magic
 + Level 5.4 Poison Magic
 + Level 1.1 Invocations
 + Level 1.0 Evocations


You had 12 spell levels left.
You knew the following spells:

 Your Spells              Type           Power        Failure   Level
a - Sting                 Tmut/Pois      72%          2%          1

Your spell library contained the following spells:

 Spells                   Type           Power        Failure   Level
 Poisonous Vapours        Pois/Air       30%          5%          2
 Ignite Poison            Fire/Tmut/Pois 14%          12%         3
 Olgreb's Toxic Radiance  Pois           24%          14%         4
 Mephitic Cloud           Conj/Pois/Air  13%          16%         3


Dungeon Overview and Level Annotations

Branches:
Dungeon (3/15)

Altars:
Okawaru

Annotations:
D:3 Terence


Innate Abilities, Weirdness & Mutations

Your experience applies equally to all skills.
You have very sharp teeth.
Your uncanny sense of smell can sniff out nearby items.


Message History

The adder bites you.
* * * LOW HITPOINT WARNING * * *
The adder bites you.
* * * LOW HITPOINT WARNING * * *
You hit the adder. Your bite misses the adder.
The adder is almost dead.
The adder barely misses you.
You miss the adder. You bite the adder, but do no damage.
The adder is almost dead.
The adder misses you.
You are too injured to fight recklessly!
Casting: Sting (safe; 2% risk of failure)
Confirm with . or Enter, or press ? or * to list all spells.
Aiming: Sting (safe; 2% risk of failure)
Press: ? - help, Shift-Dir - straight line, f - adder
Aim: an adder (almost dead, 43% to evade)
You miscast Sting.
You are very lightly contaminated with residual magic.
Nothing appears to happen.
You die...

###.......#.##.#########.#.#.##..
# #.......#..............#...##.#
# #.......#............#....†....
######....#..#.#######.#.########
..........#....# #.#......#
#####.....#.#..#######.######.#
#####.....#<...........# #.#
..........#.#..##############.###
#########.#.#.>S@................
#.#.#################.#.#
#########.#.........# #.#.#
........#.#########.# #.#.#
#######.#.# #.# #.... #.#.# #.#
##### #.#.# #.# #.#.# #.#
#######.#.# #.#


You could see an adder.

Vanquished Creatures
  2 adders (D:2)
  A worm (D:2)
  A dart slug (D:3)
  A leopard gecko (D:1)
  2 giant cockroaches
  4 goblins
  8 hobgoblins
  3 bats (D:1)
  5 frilled lizards
  14 kobolds
  5 rats
46 creatures vanquished.

Notes
Turn   | Place    | Note
-------+----------+-------------------------------------------
     0 | D:1      | kaeus the Gnoll Venom Mage began the quest for the Orb.
     0 | D:1      | Reached XP level 1. HP: 13/13 MP: 6/6
   174 | D:1      | Reached XP level 2. HP: 19/19 MP: 2/7
   580 | D:1      | Reached XP level 3. HP: 25/25 MP: 2/9
   710 | D:1      | Reached skill level 5 in Spellcasting
  1054 | D:2      | Found an iron altar of Okawaru.
  1229 | D:2      | Reached skill level 1 in Invocations
  1557 | D:2      | Reached skill level 1 in Fighting
  1557 | D:2      | Reached skill level 1 in Short Blades
  1557 | D:2      | Reached skill level 1 in Long Blades
  1557 | D:2      | Reached skill level 1 in Axes
  1557 | D:2      | Reached skill level 1 in Maces & Flails
  1557 | D:2      | Reached skill level 1 in Polearms
  1557 | D:2      | Reached skill level 1 in Staves
  1557 | D:2      | Reached skill level 1 in Slings
  1557 | D:2      | Reached skill level 1 in Bows
  1557 | D:2      | Reached skill level 1 in Crossbows
  1557 | D:2      | Reached skill level 1 in Throwing
  1557 | D:2      | Reached skill level 1 in Armour
  1557 | D:2      | Reached skill level 1 in Shields
  1557 | D:2      | Reached skill level 1 in Unarmed Combat
  1557 | D:2      | Reached skill level 1 in Evocations
  1898 | D:3      | Noticed Terence
  1903 | D:3      | Reached XP level 4. HP: 28/32 MP: 8/11
  1954 | D:2      | HP: 1/32 [adder (5)]
  1957 | D:2      | Succumbed to an adder's poison

Illustrated notes

Levels and vault maps discovered:
D:1:      minmay_arrival_floating_metal, layout_basic, minmay_ruptured
D:2:      layout_basic, nicolae_overflow_crystal_walls
D:3:      layout_rooms, uniq_terence

Skill      XL: |  1  2  3 |
---------------+----------+-----
Transmutations | 2 |  2.2
Spellcasting   | 5 |  5.0
Invocations    | 1 |  1.1
Fighting       | 1 |  1.0
Short Blades   | 1 |  1.0
Long Blades    | 1 |  1.0
Axes           | 1 |  1.0
Maces & Flails | 1 |  1.0
Polearms       | 1 |  1.0
Staves         | 1 |  1.0
Slings         | 1 |  1.0
Bows           | 1 |  1.0
Crossbows      | 1 |  1.0
Throwing       | 1 |  1.0
Armour         | 1 |  1.0
Shields        | 1 |  1.0
Unarmed Combat | 1 |  1.0
Evocations     | 1 |  1.0
Dodging        | |  4.6
Stealth        | |  4.2
Conjurations   | |  0.8
Hexes          | |  0.8
Summonings     | |  0.8
Necromancy     | |  0.8
Translocations | |  0.8
Fire Magic     | |  0.8
Ice Magic      | |  0.8
Air Magic      | |  0.8
Earth Magic    | |  0.8
Poison Magic   | |  5.4

Action                   |  1- 3 |  4- 6 || total
-------------------------+-------+-------++-------
Melee: Dagger            |    32 |     8 ||    40
       Unarmed           |     3 |       ||     3
       Bite              |     1 |     1 ||     2
 Cast: Sting             |    55 |     2 ||    57
 Stab: Sleeping          |     1 |       ||     1
Armor: Robe              |     6 |     5 ||    11
Dodge: Dodged            |    22 |    27 ||    49
